Map: Apotheosis LE

Players

Fropez

  • Race: Protoss Protoss
  • League: Gold
  • Spawn Location: 5:00

Totti - Winner!

  • Race: Protoss Protoss
  • League: Master
  • Spawn Location: 11:00

VOD

Have the link to the VOD?

Description

Time

  • Played on: Oct. 21, 2016, 11:18 a.m.
  • Length: 4:00
Show
View Real Time Build Order
Export as new Build Order

Fropez Protoss 

Build Orders:  

Get SALT Encoding   

  12  0:04  Probe (Chrono Boost)  
  14  0:21  Probe (Chrono Boost)  
  14  0:31  Pylon  
  14  0:34  Probe (Chrono Boost)  
  15  0:43  Assimilator  
  15  0:49  Probe (Chrono Boost)  
  16  0:59  Probe (Chrono Boost)  
  17  1:07  Gateway  
  17  1:09  Gateway  
  17  1:10  Probe (Chrono Boost)  
  18  1:20  Probe (Chrono Boost)  
  18  1:24  Pylon  
  19  1:31  Probe (Chrono Boost)  
  20  1:44  Probe (Chrono Boost)  
  21  1:55  Probe (Chrono Boost)  
  22  2:03  Cybernetics Core  
  22  2:05  Probe (Chrono Boost)  
  23  2:39  Nexus  
  23  2:40  Assimilator  
  23  2:42  Pylon  
  23  2:45  Pylon  
  23  3:00  Stalker (Chrono Boost), Mothership Core  
  23  3:01  Stalker (Chrono Boost)  
  29  3:18  Gateway  
  29  3:21  Probe  
  29  3:26  Pylon  
  30  3:33  Probe  
  33  3:36  Pylon  
  35  3:48  Pylon  
Show
View Real Time Build Order
Export as new Build Order

Totti Protoss - Winner!

Build Orders:  

Get SALT Encoding   

Tags
 
Matchup
PvP
Replay Pack
All Mines
Spawn Locations
Cross Positions
Add a new tag
Caveats
  • Supply blocks, unpowered buildings, or Contaminate may cause inaccurate times.
  • Supply counts are checked every 10 seconds.